 Dungeon Crawl Stone Soup version 0.29.1-4-g47bece8355 (webtiles) character file.

Game seed: 5650080422781481450

631 MacCMillion the Cleaver (level 7, -3/59 HPs)
             Began as a Hill Orc Fighter on Dec 5, 2022.
             Slain by Duvessa
             ... wielding a +0 short sword
              (13 damage)
             ... on level 4 of the Dungeon.
             The game lasted 00:10:51 (4224 turns).

MacCMillion the Cleaver (Hill Orc Fighter)          Turns: 4224, Time: 00:10:52

Health: -3/59      AC:  9    Str: 21    XL:     7   Next: 48%
Magic:  0/7        EV:  9    Int:  8    God:
Gold:   203        SH:  5    Dex: 10    Spells: 6/6 levels left

rFire   . . .      SeeInvis .   a - +0 war axe
rCold   . . .      Faith    .   c - +0 buckler
rNeg    . . .      Spirit   +   b - +0 scale mail
rPois   +          Reflect  .   (no helmet)
rElec   .          Harm     .   (no cloak)
rCorr   +          Rampage  .   x - +0 pair of gloves
Will    .....                   k - +0 pair of boots
Stlth   ..........              j - amulet of guardian spirit
HPRegen 0.19/turn               m - ring of poison resistance
MPRegen 0.10/turn               n - ring of resist corrosion

@: mighty, lit by a corona, glowing
A: no striking features
a: no special abilities


You were on level 4 of the Dungeon.
You visited 1 branch of the dungeon, and saw 4 of its levels.

You collected 203 gold pieces.

Inventory:

Hand Weapons
 a - a +0 war axe (weapon)
Missiles
 o - 4 poisoned darts (quivered)
 z - 2 boomerangs of dispersal
 A - 6 javelins
Armour
 b - a +0 scale mail (worn)
 c - a +0 buckler (worn)
 k - a +0 pair of boots (worn)
 x - a +0 pair of gloves (worn)
Jewellery
 j - an amulet of guardian spirit (around neck)
 m - a ring of poison resistance (left hand)
 n - a ring of resist corrosion (right hand)
Scrolls
 e - a scroll of torment {unknown}
 f - 4 scrolls of amnesia
 h - 2 scrolls of silence {unknown}
 i - 4 scrolls of identify {unknown}
 l - 2 scrolls of enchant weapon {unknown}
 p - 2 scrolls of blinking {unknown}
 q - a scroll of enchant armour {unknown}
 t - a scroll of noise {unknown}
 v - a scroll of teleportation {unknown}
 w - a scroll of immolation {unknown}
 y - 3 scrolls of fear {unknown}
Potions
 d - a potion of might
 g - 2 potions of curing {unknown}
 r - a potion of ambrosia {unknown}
 s - a potion of magic {unknown}
 u - a potion of brilliance {unknown}


   Skills:
 + Level 4.1 Fighting
 + Level 8.2 Axes
 + Level 3.7 Armour
 - Level 6.0 Shields


You had 6 spell levels left.
You didn't know any spells.
Your spell library contained the following spells:

 Spells                   Type           Power      Damage    Failure   Level
 Blink                    Tloc           0%         N/A       92%         2
 Lesser Beckoning         Tloc           0%         N/A       99%         3
 Iskenderun's Battlesphe  Conj           0%         2d6       100%        5
 Manifold Assault         Tloc           0%         N/A       100%        5
 Iron Shot                Conj/Erth      0%         9d1       100%        6
 Spellforged Servitor     Conj/Summ      0%         N/A       100%        7


Dungeon Overview and Level Annotations

Branches:
Dungeon (4/15)
 Temple: D:4-7

Altars:
Hepliaklqana

Shops:
D:2 =

Annotations:
D:2 Sigmund
D:4 Duvessa


Message History

Duvessa is heavily wounded.
You barely miss Dowan. You block Duvessa's attack. You block Dowan's attack.
You closely miss Duvessa.
Duvessa is moderately wounded.
You hit Dowan. You block Duvessa's attack. Dowan closely misses you.
You barely miss Duvessa.
Duvessa is moderately wounded.
You slash Dowan! Duvessa hits you with a +0 short sword.
You block Dowan's attack.
You hit Duvessa.
Duvessa is heavily wounded.
You closely miss Dowan. Duvessa closely misses you.
Dowan hits you but does no damage. Duvessa completely misses you.
You closely miss Duvessa.
Duvessa is heavily wounded.
You hit Dowan. Dowan hits you but does no damage.
Duvessa hits you with a +0 short sword.
You hit Duvessa but do no damage.
Duvessa is heavily wounded.
You slash Dowan!
You kill Dowan!
Duvessa screams in rage.
Duvessa goes berserk!
Duvessa hits you with a +0 short sword.
Your Fighting skill increases to level 4!
You feel very mighty all of a sudden. Duvessa hits you with a +0 short sword!
* * * LOW HITPOINT WARNING * * *
You block Duvessa's attack.
You slash Duvessa!
Duvessa is almost dead.
Duvessa hits you with a +0 short sword!
* * * LOW HITPOINT WARNING * * *
You closely miss Duvessa.
Duvessa is almost dead.
You block Duvessa's attack. Duvessa hits you with a +0 short sword.
Unknown command.
You hit Duvessa.
Duvessa is almost dead.
Duvessa hits you with a +0 short sword!
You die...

#........... #......#..#.
#########..#..#.. # . #.....#
#....#... .# ..
.######.....###...#..#. ##.(.
...e..'.....'....#..#.. ...(.
#.....###....#... ...).
...#####).†........#..#.
.....
.....$e@....#...#.#..#..
##...
##..........'.......#...
#..........#......#.†#. ###
####.......#.....#..#.. #..
.. #.......#.......#... #.> #
##'######......#..#. #..
#.####.............
###########..................
#..........#####.####.....[..


You could see Duvessa (berserk).

Vanquished Creatures
  Menkaure (D:4)
  A water moccasin (D:4)
  Dowan (D:4)
  2 hounds (D:3)
  A jelly (D:4)
  Jessica (D:3)
  An iguana (D:4)
  An orc wizard (D:4)
  4 gnolls (D:3)
  2 adders
  An ufetubus (D:4)
  3 worms
  A dart slug (D:3)
  8 orcs (D:4)
  6 bats
  13 endoplasms
  18 giant cockroaches
  3 goblins
  6 hobgoblins
  5 jackals
  4 quokkas
  14 ball pythons
  4 frilled lizards
  6 kobolds
  4 rats
111 creatures vanquished.

Vanquished Creatures (others)
  A giant cockroach (D:4)
1 creature vanquished.

Grand Total: 112 creatures vanquished

Notes
Turn   | Place    | Note
-------+----------+-------------------------------------------
     0 | D:1      | MacCMillion the Hill Orc Fighter began the quest for the
                  | Orb.
     0 | D:1      | Reached XP level 1. HP: 19/19 MP: 1/1
   119 | D:1      | Reached skill level 3 in Axes
   123 | D:1      | Reached XP level 2. HP: 27/27 MP: 2/2
   417 | D:1      | Found a faded altar of an unknown god.
   591 | D:1      | Reached XP level 3. HP: 26/33 MP: 3/3
  1090 | D:1      | Reached skill level 4 in Axes
  1147 | D:2      | Found Buto's Jewellery Shoppe.
  1492 | D:2      | Reached XP level 4. HP: 36/40 MP: 4/4
  1738 | D:2      | Noticed Sigmund
  1893 | D:2      | Found a hazy altar of Hepliaklqana.
  1935 | D:2      | Found Buto's Jewellery Shoppe.
  2393 | D:3      | Noticed Jessica
  2425 | D:3      | Killed Jessica
  2426 | D:3      | Reached skill level 5 in Axes
  2460 | D:3      | Reached XP level 5. HP: 40/46 MP: 5/5
  2464 | D:3      | Reached skill level 5 in Shields
  3264 | D:4      | Reached skill level 6 in Axes
  3264 | D:4      | Reached XP level 6. HP: 45/52 MP: 6/6
  3323 | D:4      | Noticed Dowan
  3646 | D:4      | Noticed a water moccasin
  3732 | D:4      | Noticed Menkaure
  4100 | D:4      | Killed a water moccasin
  4101 | D:4      | Reached skill level 7 in Axes
  4101 | D:4      | Reached XP level 7. HP: 44/58 MP: 5/7
  4147 | D:4      | Killed Menkaure
  4148 | D:4      | Reached skill level 8 in Axes
  4204 | D:4      | Noticed Duvessa
  4220 | D:4      | Killed Dowan
  4224 | D:4      | Slain by Duvessa

Illustrated notes

Levels and vault maps discovered:
D:1:      elethiomel_arrival_quiet, layout_basic,
          hellmonk_ecumenical_altar_slurped_away, minmay_tromino_v4_a
D:2:      layout_loops_ring, basic_altar, serial_shops, shop, uniq_sigmund
D:3:      minmay_roachtagon, layout_loops_cross, uniq_jessica
D:4:      layout_basic, minmay_temple_entry_from_below_a, gup_sewer_entry_glass,
          minmay_misc_feat_diagonals, chequers_mini_garden, minmay_distorted,
          uniq_duvessa, uniq_menkaure

Skill      XL: |  1  2  3  4  5  6  7 |
---------------+----------------------+-----
Axes           | 3 4 5 6 7 8 |  8.2
Shields        | 4 5 6 |  6.0
Fighting       | 4 |  4.1
Armour         | |  3.7

Action                   |  1- 3 |  4- 6 |  7- 9 || total
-------------------------+-------+-------+-------++-------
Melee: War axe           |   109 |   190 |    17 ||   316
Throw: Javelin           |       |     3 |       ||     3
       Dart              |       |     2 |       ||     2
  Use: Scroll            |       |     1 |       ||     1
       Potion            |       |       |     1 ||     1
Armor: Scale mail        |    50 |   110 |     3 ||   163
Dodge: Dodged            |    52 |   115 |     5 ||   172
Block: Buckler           |    22 |    48 |     8 ||    78
